Golden Knights vs Senateurs
Created - November 7, 2019 at 19:48
Goals
|
| Golden Knights |
1 |
2 |
2 |
5 |
| Senateurs |
0 |
1 |
1 |
2 |
|
Shots
|
| Golden Knights |
6 |
23 |
6 |
35 |
| Senateurs |
7 |
7 |
7 |
21 |
|
1st period
1. Golden Knights , Alex Tanguay 2 (Jakub Kindl 3, Brad Richardson 2) at 9:37
Penalties :
Michael Frolik (Vgs) for Holding Stick (Minor) at 5:25, Evgeni Malkin (Ott) for Roughing (Minor) at 10:20, Vladimir Mihalik (Vgs) for Hooking (Minor) at 13:30
2nd period
2. Golden Knights , Andrei Loktionov 3 (Chris Higgins 3, Vladimir Mihalik 3) at 9:19 (PP)
3. Golden Knights , Alex Tanguay 3 (Jakub Kindl 4, Tim Connolly 2) at 11:21
4. Senateurs , Sidney Crosby 8 (Phil Kessel 7, Cody Franson 5) at 14:47
Penalties :
Nate Prosser (Ott) for Roughing (Minor) at 7:38
3rd period
5. Senateurs , Sidney Crosby 9 (Phil Kessel 8) at 1:00 (PP)
6. Golden Knights , Chris Higgins 4 (Vincent Lecavalier 3, Zack Kassian 2) at 2:48
7. Golden Knights , Brandon Bollig 1 (Zach Bogosian 2, Scottie Upshall 1) at 6:11
Penalties :
Brad Richardson (Vgs) for Roughing (Minor) at 0:51, Evgeni Malkin (Ott) for Tripping (Minor) at 3:37, Sidney Crosby (Ott) for Hooking (Minor) at 7:09, Mathew Dumba (Vgs) for Tripping (Minor) at 12:27, Sidney Crosby (Ott) for Hooking (Minor) at 19:10
Goalie Stats
Matt Hackett (Vgs), 19 saves from 21 shots - (0.905), W, 3-1-0, 60:00 minutes
Roberto Luongo (Ott), 30 saves from 35 shots - (0.857), L, 0-1-0, 60:00 minutes
Players Stats for Golden Knights
Player Name G A P +/- PIM S H SB GA TA FO MP PP MP PK MP
------------------------------------------------------------------------------------
Alex Tanguay 2 0 2 2 0 3 1 1 1 0 0/0 12:53 0:00 1:20
Andrei Loktionov 1 0 1 -1 0 3 3 0 0 0 16/27 18:51 4:22 0:00
Brad Richardson 0 1 1 2 2 1 3 0 0 0 0/0 11:27 0:00 0:00
Brandon Bollig 1 0 1 1 0 1 0 0 0 0 0/0 6:07 0:00 0:00
Chris Higgins 1 1 2 1 0 7 1 0 1 0 1/2 17:19 4:22 0:07
Ilya Kovalchuk 0 0 0 -1 0 1 2 0 0 0 3/6 21:44 4:05 3:07
Jakub Kindl 0 2 2 2 0 2 1 0 0 0 0/0 15:21 0:00 0:00
Jared Cowen 0 0 0 1 0 2 1 0 1 2 0/0 25:42 4:11 2:56
Mathew Dumba 0 0 0 0 2 0 1 1 0 0 0/0 12:32 0:00 0:36
Michael Frolik 0 0 0 -1 2 5 2 0 2 1 1/2 20:20 4:05 1:19
Michael Kostka 0 0 0 2 0 1 1 0 1 0 0/0 21:40 4:16 2:28
Patrice Cormier 0 0 0 1 0 0 0 0 0 0 1/2 8:38 0:00 2:01
Scottie Upshall 0 1 1 1 0 1 2 0 0 0 0/1 10:32 4:22 0:00
Tim Connolly 0 1 1 2 0 2 0 0 0 0 5/8 12:26 0:00 0:58
Vincent Lecavalier 0 1 1 1 0 1 2 0 0 0 6/15 16:52 4:05 0:00
Vladimir Mihalik 0 1 1 0 2 0 2 0 0 1 0/0 18:38 4:16 2:22
Zach Bogosian 0 1 1 1 0 4 1 0 2 0 0/0 26:40 4:11 3:50
Zack Kassian 0 1 1 1 0 1 1 1 2 1 0/1 16:08 0:00 3:20
Players Stats for Senateurs
Player Name G A P +/- PIM S H SB GA TA FO MP PP MP PK MP
------------------------------------------------------------------------------------
Arturs Kulda 0 0 0 -1 0 0 0 0 0 0 0/0 3:42 0:00 0:00
Carlo Colaiacovo 0 0 0 -1 0 0 0 0 0 0 0/0 11:53 0:00 0:27
Cody Franson 0 1 1 -1 0 0 1 2 1 1 0/0 25:37 3:27 5:08
Colby Armstrong 0 0 0 -2 0 2 2 0 1 0 1/2 17:04 2:42 0:00
Daniel Briere 0 0 0 0 0 0 1 0 0 0 2/6 15:38 0:00 3:40
Daniel Sedin 0 0 0 -1 0 1 2 0 0 0 0/0 17:01 2:42 0:55
Dion Phaneuf 0 0 0 -2 0 1 0 2 1 2 0/0 29:19 3:27 5:08
Duncan Keith 0 0 0 0 0 1 1 1 1 1 0/0 19:15 2:39 3:19
Evgeni Malkin 0 0 0 -2 4 3 2 1 0 2 6/11 19:41 2:42 2:56
Jamie Benn 0 0 0 0 0 2 0 0 0 1 1/2 18:58 3:15 2:28
Mark Giordano 0 0 0 -1 0 0 1 0 0 0 0/0 11:26 0:00 0:00
Nate Prosser 0 0 0 0 2 0 0 2 0 2 0/0 18:47 2:39 2:52
Phil Kessel 0 2 2 0 0 4 1 1 1 0 1/1 17:21 3:24 0:42
Radim Vrbata 0 0 0 0 0 0 1 0 0 0 0/0 12:23 0:00 0:00
Ryan Hollweg 0 0 0 -2 0 1 1 2 0 0 2/4 10:14 0:00 3:07
Sergei Kostitsyn 0 0 0 0 0 1 0 0 0 0 1/1 12:18 0:09 0:00
Sidney Crosby 2 0 2 -1 4 5 1 1 0 1 17/33 24:32 3:24 2:59
Stephane Da Costa 0 0 0 -1 0 0 0 0 0 0 0/4 6:19 0:00 0:07
3 Stars
1 - Alex Tanguay (Vgs)
2 - Chris Higgins (Vgs)
3 - Jakub Kindl (Vgs)
Power Play
Golden Knights - 1 on 5 Attempt(s) - 20.00%
Senateurs - 1 on 4 Attempt(s) - 25.00%
Penalty Kill
Golden Knights - 3 on 4 Attempt(s) - 75.00%
- Score 0 goal in Penalty Kill
Senateurs - 4 on 5 Attempt(s) - 80.00%
- Score 0 goal in Penalty Kill
Team Stat
Golden Knights - Hits : 24 - Faceoff Wins : 33 - Blocked Shots : 3 - Penalty Minutes : 8
Senateurs - Hits : 14 - Faceoff Wins : 31 - Blocked Shots : 12 - Penalty Minutes : 10
Official
Referees : Unknown
Linesman : Unknown
Game Notes
No Game Note
Finance
Level 1 -- Attendance: 5777 (96.28%) -- Ticket Income $595,031
Level 2 -- Attendance: 4201 (84.02%) -- Ticket Income $285,668
Level 3 -- Attendance: 1862 (93.10%) -- Ticket Income $80,066
Level 4 -- Attendance: 4000 (100.00%) -- Ticket Income $112,000
Luxury Box -- Attendance: 1000 (100.00%) -- Ticket Income $180,000
Game was played at the Place Banque Scotia.
Total Attendance: 16840 (93.56%)
Total Ticket Income: $1,252,765
Other Income: $187,915
Total Income: $1,440,680
Golden Knights
5 vs 5 Forward
Center Left Wing Right Wing Time % Phy DF OF
1 Andrei Loktionov Ilya Kovalchuk Michael Frolik 40 1 2 2
2 Vincent Lecavalier Chris Higgins Zack Kassian 30 1 2 2
3 Tim Connolly Alex Tanguay Brad Richardson 20 1 2 2
4 Patrice Cormier Brandon Bollig Scottie Upshall 10 1 2 2
5 vs 5 Defense
Defense Defense Time % Phy DF OF
1 Zach Bogosian Jared Cowen 40 1 2 2
2 Michael Kostka Jakub Kindl 30 1 2 2
3 Mathew Dumba Vladimir Mihalik 20 1 2 2
4 Zach Bogosian Jared Cowen 10 1 2 2
PowerPlay Forward
Center Left Wing Right Wing Time % Phy DF OF
1 Vincent Lecavalier Ilya Kovalchuk Michael Frolik 50 1 2 2
2 Andrei Loktionov Chris Higgins Scottie Upshall 50 1 2 2
PowerPlay Defense
Defense Defense Time % Phy DF OF
1 Zach Bogosian Jared Cowen 50 1 2 2
2 Michael Kostka Vladimir Mihalik 50 1 2 2
Penalty Kill 4 Players Forward
Center Wing Time % Phy DF OF
1 Ilya Kovalchuk Zack Kassian 60 1 2 2
2 Patrice Cormier Michael Frolik 40 1 2 2
Penalty Kill 4 Players Defense
Defense Defense Time % Phy DF OF
1 Zach Bogosian Vladimir Mihalik 60 1 2 2
2 Michael Kostka Jared Cowen 40 1 2 2
Penalty Kill - 3 Players Forward
Forward Time % Phy DF OF
1 Ilya Kovalchuk 70 1 2 2
2 Zack Kassian 30 1 2 2
Penalty Kill - 3 Players Defense
Defense Defense Time % Phy DF OF
1 Zach Bogosian Michael Kostka 70 1 2 2
2 Jared Cowen Jakub Kindl 30 1 2 2
4 vs 4 Forward
Center Wing Time % Phy DF OF
1 Tim Connolly Michael Frolik 50 1 2 2
2 Vincent Lecavalier Brandon Bollig 50 1 2 2
4 vs 4 Defense
Defense Defense Time % Phy DF OF
1 Zach Bogosian Michael Kostka 50 1 2 2
2 Mathew Dumba Jared Cowen 50 1 2 2
Last Minutes Offensive
Center Left Wing Right Wing Defense Defense
Andrei Loktionov Ilya Kovalchuk Michael Frolik Zach Bogosian Mathew Dumba
Last Minutes Defensive
Center Left Wing Right Wing Defense Defense
Patrice Cormier Chris Higgins Zack Kassian Michael Kostka Jared Cowen
Goaltenders
Starting : Matt Hackett
Backup : Robin Lehner
Extra Forwards
Normal : Alex Tanguay, Scottie Upshall, Brad Richardson - PP : Alex Tanguay, Michael Frolik - PK : Ilya Kovalchuk
Extra Defensemen
Normal : Zach Bogosian, Mathew Dumba, Vladimir Mihalik - PP : Zach Bogosian - PK : Jared Cowen, Michael Kostka
Penalty Shots
Ilya Kovalchuk, Michael Frolik, Vincent Lecavalier, Chris Higgins, Scottie Upshall
Scratches
None
Senateurs
5 vs 5 Forward
Center Left Wing Right Wing Time % Phy DF OF
1 Sidney Crosby Jamie Benn Phil Kessel 40 1 2 2
2 Evgeni Malkin Daniel Sedin Colby Armstrong 30 1 2 2
3 Daniel Briere Sergei Kostitsyn Radim Vrbata 20 1 2 2
4 Stephane Da Costa Ryan Hollweg Sidney Crosby 10 1 2 2
5 vs 5 Defense
Defense Defense Time % Phy DF OF
1 Dion Phaneuf Cody Franson 40 1 2 2
2 Duncan Keith Nate Prosser 30 1 2 2
3 Mark Giordano Carlo Colaiacovo 20 1 2 2
4 Arturs Kulda Dion Phaneuf 10 1 2 2
PowerPlay Forward
Center Left Wing Right Wing Time % Phy DF OF
1 Sidney Crosby Jamie Benn Phil Kessel 60 1 2 2
2 Evgeni Malkin Daniel Sedin Colby Armstrong 40 1 2 2
PowerPlay Defense
Defense Defense Time % Phy DF OF
1 Dion Phaneuf Cody Franson 60 1 2 2
2 Duncan Keith Nate Prosser 40 1 2 2
Penalty Kill 4 Players Forward
Center Wing Time % Phy DF OF
1 Sidney Crosby Evgeni Malkin 60 1 2 2
2 Phil Kessel Daniel Briere 40 1 2 2
Penalty Kill 4 Players Defense
Defense Defense Time % Phy DF OF
1 Dion Phaneuf Cody Franson 60 1 2 2
2 Duncan Keith Nate Prosser 40 1 2 2
Penalty Kill - 3 Players Forward
Forward Time % Phy DF OF
1 Sidney Crosby 60 1 2 2
2 Evgeni Malkin 40 1 2 2
Penalty Kill - 3 Players Defense
Defense Defense Time % Phy DF OF
1 Dion Phaneuf Cody Franson 60 1 2 2
2 Duncan Keith Nate Prosser 40 1 2 2
4 vs 4 Forward
Center Wing Time % Phy DF OF
1 Sidney Crosby Evgeni Malkin 60 1 2 2
2 Phil Kessel Daniel Briere 40 1 2 2
4 vs 4 Defense
Defense Defense Time % Phy DF OF
1 Dion Phaneuf Cody Franson 60 1 2 2
2 Duncan Keith Nate Prosser 40 1 2 2
Last Minutes Offensive
Center Left Wing Right Wing Defense Defense
Sidney Crosby Jamie Benn Phil Kessel Dion Phaneuf Cody Franson
Last Minutes Defensive
Center Left Wing Right Wing Defense Defense
Sidney Crosby Jamie Benn Phil Kessel Dion Phaneuf Cody Franson
Goaltenders
Starting : Roberto Luongo
Backup : Ondrej Pavelec
Extra Forwards
Normal : Sergei Kostitsyn, Radim Vrbata, Ryan Hollweg - PP : Sergei Kostitsyn, Radim Vrbata - PK : Ryan Hollweg
Extra Defensemen
Normal : Mark Giordano, Carlo Colaiacovo, Arturs Kulda - PP : Mark Giordano - PK : Carlo Colaiacovo, Arturs Kulda
Penalty Shots
Sidney Crosby, Evgeni Malkin, Phil Kessel, Daniel Briere, Jamie Benn
Scratches
Chris Kunitz (Healthy), Michel Ouellet (Healthy), Keven Bouchard (Healthy)
% Time on Ice - Golden Knights
Lines # - Real PCT - Wanted PCT - Time Play
Normal Forward
1 - 32% - 40% - 14:32
2 - 29% - 30% - 13:20
3 - 25% - 20% - 11:28
4 - 13% - 10% - 6:07
Normal Defense
1 - 39% - 40% - 17:52
2 - 34% - 30% - 15:22
3 - 25% - 20% - 11:26
4 - 2% - 10% - 0:47
PP Forward
1 - 48% - 50% - 4:05
2 - 52% - 50% - 4:22
PP Defense
1 - 50% - 50% - 4:11
2 - 50% - 50% - 4:16
PK Forward
1 - 67% - 60% - 4:05
2 - 33% - 40% - 2:01
PK Defense
1 - 63% - 60% - 3:50
2 - 37% - 40% - 2:16
PK3 Forward
1 - 0% - 70%
2 - 0% - 30%
PK3 Defense
1 - 0% - 70%
2 - 0% - 30%
44 Forward
1 - 0% - 50%
2 - 0% - 50%
44 Defense
1 - 0% - 50%
2 - 0% - 50%
Last Minute Offensive - 0:00
Last Minute Defensive - 0:00
Total
Forward - 60:00
Defense - 60:00
|
% Time on Ice - Senateurs
Lines # - Real PCT - Wanted PCT - Time Play
Normal Forward
1 - 31% - 40% - 13:58
2 - 29% - 30% - 13:23
3 - 26% - 20% - 11:54
4 - 14% - 10% - 6:12
Normal Defense
1 - 37% - 40% - 17:02
2 - 29% - 30% - 13:17
3 - 25% - 20% - 11:26
4 - 8% - 10% - 3:42
PP Forward
1 - 56% - 60% - 3:24
2 - 44% - 40% - 2:42
PP Defense
1 - 57% - 60% - 3:27
2 - 43% - 40% - 2:39
PK Forward
1 - 92% - 60% - 7:45
2 - 8% - 40% - 0:42
PK Defense
1 - 61% - 60% - 5:08
2 - 39% - 40% - 3:19
PK3 Forward
1 - 0% - 60%
2 - 0% - 40%
PK3 Defense
1 - 0% - 60%
2 - 0% - 40%
44 Forward
1 - 0% - 60%
2 - 0% - 40%
44 Defense
1 - 0% - 60%
2 - 0% - 40%
Last Minute Offensive - 0:00
Last Minute Defensive - 0:00
Total
Forward - 60:00
Defense - 60:00
|
Play-by-Play
1st period
0:01 of 1st period - Sidney Crosby wins face-off versus Andrei Loktionov in neutral zone.
0:44 of 1st period - Icing by Daniel Sedin.
0:45 of 1st period - Evgeni Malkin wins face-off versus Tim Connolly in Senateurs zone.
1:03 of 1st period - Icing by Brad Richardson.
1:04 of 1st period - Tim Connolly wins face-off versus Stephane Da Costa in Golden Knights zone.
1:29 of 1st period - Slapshot by Tim Connolly.
1:29 of 1st period - Stopped by Roberto Luongo without a rebound.
1:30 of 1st period - Evgeni Malkin wins face-off versus Andrei Loktionov in Senateurs zone.
1:35 of 1st period - Snap shot by Michael Frolik.
1:35 of 1st period - Shot Misses the Net.
1:40 of 1st period - Icing by Evgeni Malkin.
1:41 of 1st period - Vincent Lecavalier wins face-off versus Colby Armstrong in Senateurs zone.
2:15 of 1st period - Off-side.
2:16 of 1st period - Phil Kessel wins face-off versus Scottie Upshall in neutral zone.
2:18 of 1st period - Duncan Keith is hit by Vladimir Mihalik and loses puck.
2:31 of 1st period - Wrist shot by Brandon Bollig.
2:31 of 1st period - Shot Misses the Net.
2:41 of 1st period - Nate Prosser is hit by Mathew Dumba and loses puck.
3:08 of 1st period - Slapshot by Duncan Keith.
3:08 of 1st period - Deflect By Sidney Crosby.
3:08 of 1st period - Shot Misses the Net.
3:08 of 1st period - Puck is out of play.
3:09 of 1st period - Sidney Crosby wins face-off versus Vincent Lecavalier in Golden Knights zone.
3:34 of 1st period - Ilya Kovalchuk is hit by Daniel Briere and loses puck.
4:42 of 1st period - Snap shot by Zack Kassian.
4:42 of 1st period - Stopped by Roberto Luongo with a rebound.
4:56 of 1st period - Snap shot by Michael Frolik.
4:56 of 1st period - Shot Misses the Net.
5:22 of 1st period - Wrist shot by Sergei Kostitsyn.
5:22 of 1st period - Stopped by Matt Hackett without a rebound.
5:23 of 1st period - Michael Frolik wins face-off versus Sidney Crosby in Golden Knights zone.
5:25 of 1st period - Minor Penalty to Michael Frolik for Holding Stick.
5:26 of 1st period - Sidney Crosby wins face-off versus Ilya Kovalchuk in Golden Knights zone.
6:07 of 1st period - Slapshot by Evgeni Malkin.
6:07 of 1st period - Shot Blocked by Alex Tanguay.
6:09 of 1st period - Wrist shot by Evgeni Malkin.
6:09 of 1st period - Shot Misses the Net.
6:29 of 1st period - Nate Prosser is hit by Ilya Kovalchuk and loses puck.
7:25 of 1st period - Penalty to Michael Frolik is over, Michael Frolik is back on ice.
7:32 of 1st period - Patrice Cormier is hit by Colby Armstrong and loses puck.
7:43 of 1st period - Nate Prosser is hit by Michael Frolik and loses puck.
9:17 of 1st period - Dion Phaneuf is hit by Zach Bogosian and loses puck.
9:21 of 1st period - Icing by Arturs Kulda.
9:22 of 1st period - Tim Connolly wins face-off versus Stephane Da Costa in Senateurs zone.
9:29 of 1st period - Slapshot by Alex Tanguay.
9:29 of 1st period - Shot Blocked by Ryan Hollweg.
9:31 of 1st period - Slapshot by Michael Kostka.
9:31 of 1st period - Deflect By Ryan Hollweg.
9:31 of 1st period - Stopped by Roberto Luongo with a rebound.
9:33 of 1st period - Slapshot by Jakub Kindl.
9:33 of 1st period - Stopped by Roberto Luongo with a rebound.
9:35 of 1st period - Snap shot by Brad Richardson.
9:35 of 1st period - Shot Misses the Net.
9:37 of 1st period - Slapshot by Jakub Kindl.
9:37 of 1st period - Deflect By Alex Tanguay.
9:37 of 1st period - Goal by Alex Tanguay - Golden Knights : 1 - Senateurs : 0.
9:38 of 1st period - Andrei Loktionov wins face-off versus Sidney Crosby in neutral zone.
9:44 of 1st period - Off-side.
9:45 of 1st period - Sidney Crosby wins face-off versus Andrei Loktionov in neutral zone.
9:58 of 1st period - Snap shot by Sidney Crosby.
9:58 of 1st period - Shot Misses the Net.
10:00 of 1st period - Slapshot by Sidney Crosby.
10:00 of 1st period - Shot Misses the Net.
10:02 of 1st period - Snap shot by Phil Kessel.
10:02 of 1st period - Deflect By Jamie Benn.
10:02 of 1st period - Stopped by Matt Hackett with a rebound.
10:04 of 1st period - Slapshot by Nate Prosser.
10:04 of 1st period - Deflect By Sidney Crosby.
10:04 of 1st period - Stopped by Matt Hackett with a rebound.
10:06 of 1st period - Slapshot by Jamie Benn.
10:06 of 1st period - Shot Misses the Net.
10:08 of 1st period - Snap shot by Phil Kessel.
10:08 of 1st period - Stopped by Matt Hackett with a rebound.
10:10 of 1st period - Snap shot by Jamie Benn.
10:10 of 1st period - Stopped by Matt Hackett without a rebound.
10:11 of 1st period - Chris Higgins wins face-off versus Evgeni Malkin in Golden Knights zone.
10:11 of 1st period - Chris Higgins is hit by Evgeni Malkin.
10:20 of 1st period - Minor Penalty to Evgeni Malkin for Roughing.
10:21 of 1st period - Sidney Crosby wins face-off versus Vincent Lecavalier in Senateurs zone.
12:20 of 1st period - Penalty to Evgeni Malkin is over, Evgeni Malkin is back on ice.
12:26 of 1st period - Snap shot by Alex Tanguay.
12:26 of 1st period - Stopped by Roberto Luongo without a rebound.
12:27 of 1st period - Evgeni Malkin wins face-off versus Tim Connolly in Senateurs zone.
12:40 of 1st period - Slapshot by Evgeni Malkin.
12:40 of 1st period - Stopped by Matt Hackett with a rebound.
12:42 of 1st period - Slapshot by Daniel Sedin.
12:42 of 1st period - Shot Misses the Net.
12:52 of 1st period - Michael Kostka is hit by Phil Kessel and loses puck.
13:21 of 1st period - Evgeni Malkin is hit by Scottie Upshall and loses puck.
13:30 of 1st period - Minor Penalty to Vladimir Mihalik for Hooking.
13:31 of 1st period - Ilya Kovalchuk wins face-off versus Sidney Crosby in Golden Knights zone.
13:40 of 1st period - Snap shot by Zack Kassian.
13:40 of 1st period - Shot Blocked by Dion Phaneuf.
14:09 of 1st period - Slapshot by Dion Phaneuf.
14:09 of 1st period - Stopped by Matt Hackett without a rebound.
14:10 of 1st period - Patrice Cormier wins face-off versus Evgeni Malkin in Golden Knights zone.
15:30 of 1st period - Penalty to Vladimir Mihalik is over, Vladimir Mihalik is back on ice.
15:31 of 1st period - Evgeni Malkin is hit by Michael Frolik and loses puck.
15:44 of 1st period - Michael Frolik is hit by Radim Vrbata and loses puck.
16:46 of 1st period - Wrist shot by Daniel Briere.
16:46 of 1st period - Shot Misses the Net.
17:00 of 1st period - Stephane Da Costa is hit by Brad Richardson and loses puck.
17:55 of 1st period - Mathew Dumba is hit by Ryan Hollweg and loses puck.
Goals for this period are 1 for Golden Knights vs 0 for Senateurs.
Shots for this period are 6 for Golden Knights vs 7 for Senateurs.
2nd period
0:01 of 2nd period - Andrei Loktionov wins face-off versus Sidney Crosby in neutral zone.
0:26 of 2nd period - Vincent Lecavalier is hit by Evgeni Malkin and loses puck.
1:10 of 2nd period - Wrist shot by Phil Kessel.
1:10 of 2nd period - Stopped by Matt Hackett without a rebound.
1:11 of 2nd period - Tim Connolly wins face-off versus Stephane Da Costa in Golden Knights zone.
1:36 of 2nd period - Mathew Dumba is hit by Colby Armstrong and loses puck.
2:07 of 2nd period - Backhand shot by Vincent Lecavalier.
2:07 of 2nd period - Deflect By Chris Higgins.
2:07 of 2nd period - Stopped by Roberto Luongo with a rebound.
2:09 of 2nd period - Slapshot by Vladimir Mihalik.
2:09 of 2nd period - Shot Misses the Net.
2:24 of 2nd period - Snap shot by Brandon Bollig.
2:24 of 2nd period - Shot Misses the Net.
2:26 of 2nd period - Snap shot by Scottie Upshall.
2:26 of 2nd period - Shot Blocked by Cody Franson.
2:28 of 2nd period - Snap shot by Scottie Upshall.
2:28 of 2nd period - Stopped by Roberto Luongo without a rebound.
2:29 of 2nd period - Jamie Benn wins face-off versus Andrei Loktionov in Senateurs zone.
3:02 of 2nd period - Snap shot by Chris Higgins.
3:02 of 2nd period - Stopped by Roberto Luongo without a rebound.
3:03 of 2nd period - Sidney Crosby wins face-off versus Vincent Lecavalier in Senateurs zone.
3:14 of 2nd period - Snap shot by Zack Kassian.
3:14 of 2nd period - Deflect By Chris Higgins.
3:14 of 2nd period - Shot Misses the Net.
3:14 of 2nd period - Puck is out of play.
3:15 of 2nd period - Andrei Loktionov wins face-off versus Sidney Crosby in Senateurs zone.
3:20 of 2nd period - Wrist shot by Ilya Kovalchuk.
3:20 of 2nd period - Stopped by Roberto Luongo with a rebound.
3:22 of 2nd period - Slapshot by Jared Cowen.
3:22 of 2nd period - Stopped by Roberto Luongo with a rebound.
3:24 of 2nd period - Wrist shot by Michael Frolik.
3:24 of 2nd period - Shot Blocked by Dion Phaneuf.
3:26 of 2nd period - Slapshot by Andrei Loktionov.
3:26 of 2nd period - Stopped by Roberto Luongo without a rebound.
3:27 of 2nd period - Sidney Crosby wins face-off versus Andrei Loktionov in Senateurs zone.
3:50 of 2nd period - Phil Kessel is hit by Andrei Loktionov and loses puck.
4:01 of 2nd period - Snap shot by Michael Frolik.
4:01 of 2nd period - Deflect By Dion Phaneuf.
4:01 of 2nd period - Stopped by Roberto Luongo without a rebound.
4:02 of 2nd period - Evgeni Malkin wins face-off versus Zack Kassian in Senateurs zone.
4:29 of 2nd period - Nate Prosser is hit by Brad Richardson and loses puck.
4:48 of 2nd period - Icing by Nate Prosser.
4:49 of 2nd period - Sidney Crosby wins face-off versus Patrice Cormier in Senateurs zone.
5:06 of 2nd period - Wrist shot by Duncan Keith.
5:06 of 2nd period - Stopped by Matt Hackett with a rebound.
5:35 of 2nd period - Jared Cowen is hit by Cody Franson and loses puck.
5:52 of 2nd period - Dion Phaneuf is hit by Zack Kassian and loses puck.
6:13 of 2nd period - Wrist shot by Alex Tanguay.
6:13 of 2nd period - Shot Misses the Net.
6:29 of 2nd period - Wrist shot by Colby Armstrong.
6:29 of 2nd period - Stopped by Matt Hackett without a rebound.
6:30 of 2nd period - Vincent Lecavalier wins face-off versus Evgeni Malkin in Golden Knights zone.
7:15 of 2nd period - Wrist shot by Evgeni Malkin.
7:15 of 2nd period - Stopped by Matt Hackett without a rebound.
7:16 of 2nd period - Andrei Loktionov wins face-off versus Sidney Crosby in Golden Knights zone.
7:38 of 2nd period - Minor Penalty to Nate Prosser for Roughing.
7:39 of 2nd period - Andrei Loktionov wins face-off versus Sidney Crosby in Senateurs zone.
7:40 of 2nd period - Wrist shot by Chris Higgins.
7:40 of 2nd period - Shot Misses the Net.
7:42 of 2nd period - Wrist shot by Andrei Loktionov.
7:42 of 2nd period - Stopped by Roberto Luongo without a rebound.
7:43 of 2nd period - Sidney Crosby wins face-off versus Chris Higgins in Senateurs zone.
7:43 of 2nd period - Sidney Crosby is hit by Andrei Loktionov.
8:14 of 2nd period - Snap shot by Michael Frolik.
8:14 of 2nd period - Stopped by Roberto Luongo without a rebound.
8:15 of 2nd period - Sidney Crosby wins face-off versus Vincent Lecavalier in Senateurs zone.
8:49 of 2nd period - Wrist shot by Michael Frolik.
8:49 of 2nd period - Shot Misses the Net.
8:51 of 2nd period - Wrist shot by Ilya Kovalchuk.
8:51 of 2nd period - Shot Misses the Net.
8:53 of 2nd period - Slapshot by Ilya Kovalchuk.
8:53 of 2nd period - Shot Misses the Net.
8:59 of 2nd period - Slapshot by Zach Bogosian.
8:59 of 2nd period - Stopped by Roberto Luongo without a rebound.
9:00 of 2nd period - Andrei Loktionov wins face-off versus Evgeni Malkin in Senateurs zone.
9:03 of 2nd period - Snap shot by Chris Higgins.
9:03 of 2nd period - Stopped by Roberto Luongo without a rebound.
9:04 of 2nd period - Sidney Crosby wins face-off versus Andrei Loktionov in Senateurs zone.
9:09 of 2nd period - Wrist shot by Chris Higgins.
9:09 of 2nd period - Stopped by Roberto Luongo with a rebound.
9:19 of 2nd period - Slapshot by Andrei Loktionov.
9:19 of 2nd period - Goal by Andrei Loktionov - Golden Knights : 2 - Senateurs : 0.
9:20 of 2nd period - Andrei Loktionov wins face-off versus Sidney Crosby in neutral zone.
9:33 of 2nd period - Snap shot by Phil Kessel.
9:33 of 2nd period - Stopped by Matt Hackett without a rebound.
9:34 of 2nd period - Andrei Loktionov wins face-off versus Sidney Crosby in Golden Knights zone.
10:05 of 2nd period - Snap shot by Alex Tanguay.
10:05 of 2nd period - Shot Blocked by Phil Kessel.
10:07 of 2nd period - Snap shot by Alex Tanguay.
10:07 of 2nd period - Deflect By Brad Richardson.
10:07 of 2nd period - Stopped by Roberto Luongo without a rebound.
10:08 of 2nd period - Colby Armstrong wins face-off versus Tim Connolly in Senateurs zone.
11:13 of 2nd period - Slapshot by Tim Connolly.
11:13 of 2nd period - Stopped by Roberto Luongo with a rebound.
11:15 of 2nd period - Slapshot by Jakub Kindl.
11:15 of 2nd period - Shot Misses the Net.
11:17 of 2nd period - Wrist shot by Alex Tanguay.
11:17 of 2nd period - Shot Misses the Net.
11:19 of 2nd period - Slapshot by Jakub Kindl.
11:19 of 2nd period - Stopped by Roberto Luongo with a rebound.
11:21 of 2nd period - Slapshot by Alex Tanguay.
11:21 of 2nd period - Goal by Alex Tanguay - Golden Knights : 3 - Senateurs : 0.
11:22 of 2nd period - Ilya Kovalchuk wins face-off versus Sidney Crosby in neutral zone.
11:58 of 2nd period - Icing by Zach Bogosian.
11:59 of 2nd period - Evgeni Malkin wins face-off versus Vincent Lecavalier in Golden Knights zone.
12:20 of 2nd period - Slapshot by Chris Higgins.
12:20 of 2nd period - Stopped by Roberto Luongo with a rebound.
12:39 of 2nd period - Wrist shot by Jared Cowen.
12:39 of 2nd period - Shot Misses the Net.
12:41 of 2nd period - Slapshot by Zach Bogosian.
12:41 of 2nd period - Stopped by Roberto Luongo without a rebound.
12:42 of 2nd period - Ilya Kovalchuk wins face-off versus Daniel Briere in Senateurs zone.
13:09 of 2nd period - Jamie Benn is hit by Brad Richardson and loses puck.
14:25 of 2nd period - Icing by Vincent Lecavalier.
14:26 of 2nd period - Evgeni Malkin wins face-off versus Vincent Lecavalier in Golden Knights zone.
14:37 of 2nd period - Wrist shot by Vincent Lecavalier.
14:37 of 2nd period - Deflect By Evgeni Malkin.
14:37 of 2nd period - Shot Blocked by Evgeni Malkin.
14:37 of 2nd period - Puck is out of play.
14:38 of 2nd period - Sidney Crosby wins face-off versus Andrei Loktionov in Senateurs zone.
14:47 of 2nd period - Slapshot by Sidney Crosby.
14:47 of 2nd period - Goal by Sidney Crosby - Golden Knights : 3 - Senateurs : 1.
14:48 of 2nd period - Andrei Loktionov wins face-off versus Sidney Crosby in neutral zone.
14:59 of 2nd period - Snap shot by Andrei Loktionov.
14:59 of 2nd period - Shot Hit the Post.
15:01 of 2nd period - Wrist shot by Michael Frolik.
15:01 of 2nd period - Shot Misses the Net.
15:03 of 2nd period - Slapshot by Jared Cowen.
15:03 of 2nd period - Stopped by Roberto Luongo with a rebound.
15:05 of 2nd period - Slapshot by Zach Bogosian.
15:05 of 2nd period - Shot Misses the Net.
15:29 of 2nd period - Cody Franson is hit by Jakub Kindl and loses puck.
15:46 of 2nd period - Cody Franson is hit by Vincent Lecavalier and loses puck.
15:59 of 2nd period - Radim Vrbata is hit by Scottie Upshall and loses puck.
16:24 of 2nd period - Snap shot by Michael Frolik.
16:24 of 2nd period - Stopped by Roberto Luongo with a rebound.
16:26 of 2nd period - Wrist shot by Ilya Kovalchuk.
16:26 of 2nd period - Shot Misses the Net.
17:42 of 2nd period - Slapshot by Zach Bogosian.
17:42 of 2nd period - Stopped by Roberto Luongo with a rebound.
18:12 of 2nd period - Arturs Kulda is hit by Michael Kostka and loses puck.
18:27 of 2nd period - Slapshot by Vincent Lecavalier.
18:27 of 2nd period - Deflect By Dion Phaneuf.
18:27 of 2nd period - Stopped by Roberto Luongo with a rebound.
18:30 of 2nd period - Icing by Sergei Kostitsyn.
18:31 of 2nd period - Sergei Kostitsyn wins face-off versus Vincent Lecavalier in Senateurs zone.
18:49 of 2nd period - Slapshot by Dion Phaneuf.
18:49 of 2nd period - Shot Blocked by Zack Kassian.
18:51 of 2nd period - Snap shot by Evgeni Malkin.
18:51 of 2nd period - Shot Blocked by Mathew Dumba.
18:53 of 2nd period - Snap shot by Colby Armstrong.
18:53 of 2nd period - Shot Misses the Net.
18:55 of 2nd period - Backhand shot by Colby Armstrong.
18:55 of 2nd period - Deflect By Vincent Lecavalier.
18:55 of 2nd period - Stopped by Matt Hackett with a rebound.
18:57 of 2nd period - Snap shot by Colby Armstrong.
18:57 of 2nd period - Shot Misses the Net.
19:27 of 2nd period - Snap shot by Vladimir Mihalik.
19:27 of 2nd period - Shot Blocked by Nate Prosser.
19:43 of 2nd period - Colby Armstrong is hit by Chris Higgins and loses puck.
19:50 of 2nd period - Zack Kassian is hit by Daniel Sedin and loses puck.
Goals for this period are 2 for Golden Knights vs 1 for Senateurs.
Shots for this period are 23 for Golden Knights vs 7 for Senateurs.
3rd period
0:01 of 3rd period - Andrei Loktionov wins face-off versus Sidney Crosby in neutral zone.
0:51 of 3rd period - Minor Penalty to Brad Richardson for Roughing.
0:52 of 3rd period - Sidney Crosby wins face-off versus Ilya Kovalchuk in Golden Knights zone.
0:58 of 3rd period - Snap shot by Phil Kessel.
0:58 of 3rd period - Stopped by Matt Hackett with a rebound.
1:00 of 3rd period - Wrist shot by Sidney Crosby.
1:00 of 3rd period - Goal by Sidney Crosby - Golden Knights : 3 - Senateurs : 2.
1:01 of 3rd period - Sidney Crosby wins face-off versus Michael Frolik in neutral zone.
1:04 of 3rd period - Slapshot by Jamie Benn.
1:04 of 3rd period - Deflect By Phil Kessel.
1:04 of 3rd period - Shot Misses the Net.
1:04 of 3rd period - Puck is out of play.
1:05 of 3rd period - Andrei Loktionov wins face-off versus Sidney Crosby in Golden Knights zone.
1:39 of 3rd period - Snap shot by Chris Higgins.
1:39 of 3rd period - Stopped by Roberto Luongo with a rebound.
2:10 of 3rd period - Icing by Tim Connolly.
2:11 of 3rd period - Tim Connolly wins face-off versus Stephane Da Costa in Golden Knights zone.
2:11 of 3rd period - Tim Connolly is hit by Duncan Keith.
2:36 of 3rd period - Off-side.
2:37 of 3rd period - Vincent Lecavalier wins face-off versus Evgeni Malkin in neutral zone.
2:46 of 3rd period - Snap shot by Vincent Lecavalier.
2:46 of 3rd period - Shot Misses the Net.
2:48 of 3rd period - Snap shot by Chris Higgins.
2:48 of 3rd period - Goal by Chris Higgins - Golden Knights : 4 - Senateurs : 2.
2:49 of 3rd period - Andrei Loktionov wins face-off versus Sidney Crosby in neutral zone.
2:52 of 3rd period - Snap shot by Andrei Loktionov.
2:52 of 3rd period - Shot Misses the Net.
3:37 of 3rd period - Minor Penalty to Evgeni Malkin for Tripping.
3:38 of 3rd period - Andrei Loktionov wins face-off versus Sidney Crosby in Senateurs zone.
3:43 of 3rd period - Snap shot by Chris Higgins.
3:43 of 3rd period - Shot Blocked by Duncan Keith.
3:45 of 3rd period - Snap shot by Scottie Upshall.
3:45 of 3rd period - Shot Blocked by Nate Prosser.
3:47 of 3rd period - Snap shot by Chris Higgins.
3:47 of 3rd period - Shot Blocked by Ryan Hollweg.
3:49 of 3rd period - Wrist shot by Vladimir Mihalik.
3:49 of 3rd period - Shot Misses the Net.
3:51 of 3rd period - Slapshot by Vladimir Mihalik.
3:51 of 3rd period - Shot Misses the Net.
4:11 of 3rd period - Snap shot by Michael Frolik.
4:11 of 3rd period - Shot Misses the Net.
5:13 of 3rd period - Icing by Michael Frolik.
5:14 of 3rd period - Vincent Lecavalier wins face-off versus Daniel Briere in Golden Knights zone.
5:21 of 3rd period - Daniel Sedin is hit by Vincent Lecavalier and loses puck.
5:37 of 3rd period - Penalty to Evgeni Malkin is over, Evgeni Malkin is back on ice.
6:09 of 3rd period - Wrist shot by Zach Bogosian.
6:09 of 3rd period - Shot Blocked by Sidney Crosby.
6:11 of 3rd period - Wrist shot by Brandon Bollig.
6:11 of 3rd period - Goal by Brandon Bollig - Golden Knights : 5 - Senateurs : 2.
6:12 of 3rd period - Daniel Briere wins face-off versus Andrei Loktionov in neutral zone.
6:40 of 3rd period - Slapshot by Evgeni Malkin.
6:40 of 3rd period - Stopped by Matt Hackett with a rebound.
6:45 of 3rd period - Off-side.
6:46 of 3rd period - Sidney Crosby wins face-off versus Andrei Loktionov in neutral zone.
6:46 of 3rd period - Sidney Crosby is hit by Ilya Kovalchuk.
7:03 of 3rd period - Jakub Kindl is hit by Mark Giordano.
7:09 of 3rd period - Minor Penalty to Sidney Crosby for Hooking.
7:10 of 3rd period - Andrei Loktionov wins face-off versus Ryan Hollweg in Senateurs zone.
7:22 of 3rd period - Icing by Jared Cowen.
7:23 of 3rd period - Ryan Hollweg wins face-off versus Andrei Loktionov in Golden Knights zone.
7:30 of 3rd period - Snap shot by Ryan Hollweg.
7:30 of 3rd period - Stopped by Matt Hackett with a rebound.
8:13 of 3rd period - Wrist shot by Andrei Loktionov.
8:13 of 3rd period - Shot Misses the Net.
8:23 of 3rd period - Slapshot by Chris Higgins.
8:23 of 3rd period - Deflect By Andrei Loktionov.
8:23 of 3rd period - Shot Blocked by Cody Franson.
8:23 of 3rd period - Puck is out of play.
8:24 of 3rd period - Ryan Hollweg wins face-off versus Vincent Lecavalier in Senateurs zone.
9:09 of 3rd period - Penalty to Sidney Crosby is over, Sidney Crosby is back on ice.
9:15 of 3rd period - Stephane Da Costa is hit by Jared Cowen and loses puck.
10:37 of 3rd period - Snap shot by Michael Frolik.
10:37 of 3rd period - Stopped by Roberto Luongo with a rebound.
10:53 of 3rd period - Chris Higgins is hit by Sidney Crosby and loses puck.
11:22 of 3rd period - Wrist shot by Sidney Crosby.
11:22 of 3rd period - Stopped by Matt Hackett with a rebound.
11:38 of 3rd period - Snap shot by Michael Frolik.
11:38 of 3rd period - Stopped by Roberto Luongo with a rebound.
11:51 of 3rd period - Icing by Daniel Briere.
11:52 of 3rd period - Daniel Briere wins face-off versus Vincent Lecavalier in Senateurs zone.
11:59 of 3rd period - Snap shot by Sidney Crosby.
11:59 of 3rd period - Stopped by Matt Hackett with a rebound.
12:17 of 3rd period - Backhand shot by Evgeni Malkin.
12:17 of 3rd period - Shot Misses the Net.
12:27 of 3rd period - Minor Penalty to Mathew Dumba for Tripping.
12:28 of 3rd period - Sidney Crosby wins face-off versus Ilya Kovalchuk in Golden Knights zone.
13:05 of 3rd period - Wrist shot by Evgeni Malkin.
13:05 of 3rd period - Shot Hit the Post.
14:27 of 3rd period - Penalty to Mathew Dumba is over, Mathew Dumba is back on ice.
14:56 of 3rd period - Ryan Hollweg is hit by Alex Tanguay and loses puck.
15:13 of 3rd period - Snap shot by Daniel Briere.
15:13 of 3rd period - Shot Misses the Net.
15:53 of 3rd period - Wrist shot by Alex Tanguay.
15:53 of 3rd period - Deflect By Brad Richardson.
15:53 of 3rd period - Shot Misses the Net.
15:53 of 3rd period - Puck is out of play.
15:54 of 3rd period - Tim Connolly wins face-off versus Sidney Crosby in Senateurs zone.
16:10 of 3rd period - Slapshot by Daniel Sedin.
16:10 of 3rd period - Shot Misses the Net.
16:12 of 3rd period - Snap shot by Daniel Sedin.
16:12 of 3rd period - Stopped by Matt Hackett without a rebound.
16:13 of 3rd period - Andrei Loktionov wins face-off versus Daniel Briere in Golden Knights zone.
16:39 of 3rd period - Chris Higgins is hit by Daniel Sedin and loses puck.
17:27 of 3rd period - Snap shot by Andrei Loktionov.
17:27 of 3rd period - Shot Misses the Net.
18:33 of 3rd period - Icing by Dion Phaneuf.
18:34 of 3rd period - Vincent Lecavalier wins face-off versus Daniel Briere in Senateurs zone.
18:37 of 3rd period - Slapshot by Zack Kassian.
18:37 of 3rd period - Shot Misses the Net.
18:39 of 3rd period - Slapshot by Jared Cowen.
18:39 of 3rd period - Shot Misses the Net.
19:00 of 3rd period - Icing by Zach Bogosian.
19:01 of 3rd period - Andrei Loktionov wins face-off versus Jamie Benn in Golden Knights zone.
19:06 of 3rd period - Slapshot by Zach Bogosian.
19:06 of 3rd period - Stopped by Roberto Luongo without a rebound.
19:07 of 3rd period - Sidney Crosby wins face-off versus Andrei Loktionov in Senateurs zone.
19:07 of 3rd period - Sidney Crosby is hit by Andrei Loktionov.
19:10 of 3rd period - Minor Penalty to Sidney Crosby for Hooking.
19:11 of 3rd period - Vincent Lecavalier wins face-off versus Ryan Hollweg in Senateurs zone.
19:37 of 3rd period - Dion Phaneuf is hit by Vladimir Mihalik.
Goals for this period are 2 for Golden Knights vs 1 for Senateurs.
Shots for this period are 6 for Golden Knights vs 7 for Senateurs.
Back to the Top